 Dungeon Crawl Stone Soup version 0.29.0-13-gc9e81de378 (webtiles) character file.

Game seed: 4837768982656835271

181 SnakkuSnakku7 the Magician (level 5, -1/40 HPs)
             Began as a Djinni Monk on Sept 8, 2022.
             Slain by Duvessa
             ... wielding a +0 rapier
              (4 damage)
             ... on level 4 of the Dungeon.
             The game lasted 00:03:47 (3169 turns).

SnakkuSnakku7 the Magician (Djinni Monk)            Turns: 3169, Time: 00:03:48

Health: -1/40      AC:  3    Str: 10    XL:     5   Next: 92%
Gold:   164        EV: 12    Int: 14    God:
                   SH:  5    Dex: 15

rFire   + + +      SeeInvis .   t - +3 rapier of Quick Fortitude {antimagic, rPois}
rCold   x . .      Faith    .   (no shield)
rNeg    . . .      Spirit   .   c - +0 leather armour {rF+}
rPois   ∞          Reflect  +   (no helmet)
rElec   .          Harm     .   j - scarf {repulsion}
rCorr   .          Rampage  .   (no gloves)
Will    .....                   (boots unavailable)
Stlth   ++........              m - amulet of reflection
HPRegen 0.13/turn               (no ring)
MPRegen 0.00/turn               (no ring)

@: flying, repel missiles
A: sickness immunity, fire resistance 2, cold vulnerability 1, float, innate
caster, HP casting, extra vitality 1
a: no special abilities


You were on level 4 of the Dungeon.
You visited 1 branch of the dungeon, and saw 4 of its levels.

You collected 164 gold pieces.

Inventory:

Hand Weapons
 a - a +0 falchion
 h - a +0 quarterstaff
 t - the +3 rapier of Quick Fortitude (weapon) {antimagic, rPois}
   (You found it on level 3 of the Dungeon)

   It reduces the magical energy of the wielder, and disrupts the spells and
   magical abilities of those it strikes.
   Natural abilities and divine invocations are not affected.
   rPois:     It protects you from poison.
Armour
 b - a +0 robe
 c - a +0 leather armour of fire resistance (worn)
 j - a scarf of repulsion (worn)
Jewellery
 m - an amulet of reflection (around neck)
Scrolls
 e - a scroll of enchant armour {unknown}
 f - 2 scrolls of butterflies {unknown}
 i - 2 scrolls of summoning {unknown}
 k - 2 scrolls of teleportation {unknown}
 l - 6 scrolls of identify {unknown}
 p - a scroll of noise {unknown}
 q - a scroll of blinking {unknown}
 r - a scroll of acquirement {unknown}
 s - a scroll of vulnerability {unknown}
Potions
 d - a potion of might {unknown}
 g - a potion of heal wounds {unknown}
 n - 4 potions of curing {unknown}
 o - 3 potions of mutation {unknown}


   Skills:
 - Level 3.0 Fighting
 - Level 2.6 Long Blades
 - Level 3.2 Dodging
 - Level 1.5 Stealth
 + Level 3.8 Spellcasting


You had 8 spell levels left.
You knew the following spells:

 Your Spells              Type           Power      Damage    Failure   Level
a - Shock                 Conj/Air       52%        1d6       5%          1
b - Static Discharge      Conj/Air       13%        3-5/arc   9%          2
Your spell library was empty.

Dungeon Overview and Level Annotations

Branches:
Dungeon (4/15)
 Temple: D:4-7

Altars:
Cheibriados
Nemelex Xobeh
Yredelemnul

Annotations:
D:4 Dowan, Duvessa


Innate Abilities, Weirdness & Mutations

You are immune to sickness and miasma.
You are immune to poison.
Your flesh is very heat resistant. (rF++)
You are vulnerable to cold. (rC-)
You float through the air rather than walking.
You learn spells naturally, not from books.
Your magical power is your life essence.
You have superior vitality. (+4 MHP)


Message History

Duvessa, Sister of Dowan comes into view.
She is wielding a +0 rapier.
Found a stone.
Duvessa shouts!
Dowan, Brother of Duvessa comes into view.
He is wielding a +0 dagger.
There is a stone staircase leading up here.
Casting: Shock (safe; 5% risk of failure)
Confirm with . or Enter, or press ? or * to list all spells.
Duvessa is struck by an arc of lightning.
Duvessa is lightly wounded.
You are struck by an arc of lightning.
Duvessa is struck by an arc of lightning.
Duvessa is moderately wounded.
You are struck by an arc of lightning.
The lightning grounds out.
Duvessa hits you with a +0 rapier!
Unknown command.
Unknown command.
Casting: Static Discharge (safe; 9% risk of failure)
Confirm with . or Enter, or press ? or * to list all spells.
Duvessa is struck by an arc of lightning.
Duvessa is moderately wounded.
You are struck by an arc of lightning.
Duvessa is struck by an arc of lightning.
Duvessa is heavily wounded.
You are struck by an arc of lightning.
The lightning grounds out.
Duvessa closely misses you.
Unknown command.
Unknown command.
Casting: Static Discharge (safe; 9% risk of failure)
Confirm with . or Enter, or press ? or * to list all spells.
Duvessa is struck by an arc of lightning!
Duvessa is severely wounded.
You are struck by an arc of lightning.
Duvessa is struck by an arc of lightning!
Duvessa is almost dead.
The lightning grounds out.
Duvessa hits you with a +0 rapier!
* * * LOW HITPOINT WARNING * * *
Unknown command.
Unknown command.
Duvessa hits you with a +0 rapier.
You die...

## ###########...##
#......e@.......
#.#########...##
#.# ## ###.#####
#.......#
.#.##.#.###e#
.....[..###.######.
...............e.(e
...##.#####.#####..


You could see Duvessa.

Vanquished Creatures
  An orc priest (D:3)
  3 orc wizards
  An adder (D:2)
  4 dart slugs
  4 orcs
  9 bats
  4 endoplasms
  A giant cockroach (D:1)
  4 goblins
  5 hobgoblins
  4 jackals
  6 kobolds
  A quokka (D:1)
  A ball python (D:3)
  5 frilled lizards
  5 rats (D:1)
58 creatures vanquished.

Notes
Turn   | Place    | Note
-------+----------+-------------------------------------------
     0 | D:1      | SnakkuSnakku7 the Djinni Monk began the quest for the Orb.
     0 | D:1      | Reached XP level 1. HP: 20/20 MP: 0/0
    85 | D:1      | Reached skill level 1 in Spellcasting
    85 | D:1      | Reached XP level 2. HP: 20/25 MP: 0/0
   222 | D:1      | HP: 1/25 [bat (1)]
   224 | D:1      | Reached XP level 3. HP: 1/30 MP: 0/0
   224 | D:1      | Learned a level 1 spell: Shock
  1469 | D:2      | Reached XP level 4. HP: 35/35 MP: 0/0
  1663 | D:2      | Found a faded altar of an unknown god.
  1837 | D:3      | Reached XP level 5. HP: 16/40 MP: 0/0
  1837 | D:3      | Learned a level 2 spell: Static Discharge
  2036 | D:3      | Found a basalt altar of Yredelemnul.
  2037 | D:3      | Identified the +3 rapier of Quick Fortitude {antimagic,
                  | rPois}
  2062 | D:3      | Found a snail-covered altar of Cheibriados.
  2182 | D:3      | HP: 1/40 [orc/+0 whip (6)]
  3049 | D:3      | Found a sparkling altar of Nemelex Xobeh.
  3146 | D:4      | Noticed Duvessa
  3147 | D:4      | Noticed Dowan
  3169 | D:4      | Slain by Duvessa

Illustrated notes

Levels and vault maps discovered:
D:1:      saegor_arrival_simple_a, layout_rooms
D:2:      layout_basic, shapermc_ecumenical_altar_petra
D:3:      layout_basic, nemelex_spade_bored_becter,
          mainiacjoe_overflow_small_starburst,
          mainiacjoe_overflow_concentric_impassable
D:4:      cheibrodos_helix_gallery, layout_loops_ring,
          minmay_temple_entry_offerings, serial_shops, nicolae_shop_waterfront,
          hex_tiny, amcnicky_mini_pool_small, uniq_sigmund, uniq_blork_the_orc,
          uniq_edmund, uniq_duvessa

Skill      XL: |  1  2  3  4 |
---------------+-------------+-----
Spellcasting   | 1 2 3 |  3.8
Fighting       | |  3.0
Long Blades    | |  2.6
Dodging        | |  3.2
Stealth        | |  1.5

Action                   |  1- 3 |  4- 6 || total
-------------------------+-------+-------++-------
Melee: Falchion          |    36 |       ||    36
       Quarterstaff      |    90 |    38 ||   128
       Rapier            |       |     8 ||     8
 Cast: Shock             |     3 |    16 ||    19
       Static Discharge  |       |     3 ||     3
  Use: Potion            |       |     1 ||     1
 Stab: Sleeping          |     1 |     2 ||     3
Armor: Robe              |    33 |     2 ||    35
       Leather armour    |       |     1 ||     1
Dodge: Dodged            |   128 |    37 ||   165
       Repelled          |     2 |     3 ||     5
Block: Other             |     1 |     9 ||    10
